 Dungeon Crawl Stone Soup version 0.24.1-14-gf8d2b509d9 (webtiles) character file.

Game seed: 6557158463065627101, levelgen mode: deterministic

70 drclock the Ruffian (level 4, 0/36 (37) HPs)
             Began as a Ghoul Gladiator on Mar 14, 2024.
             Slain by a worker ant (6 damage)
             ... on level 4 of the Dungeon.
             The game lasted 00:10:31 (1507 turns).

drclock the Ruffian (Ghoul Gladiator)               Turns: 1507, Time: 00:10:31

HP:   0/36 (37)     AC:  6    Str: 17      XL:     4   Next: 21%
MP:   3/3           EV: 11    Int:  2 (3)  God:
Gold: 17            SH:  0    Dex:  9 (11) Spells: 3/3 levels left

rFire    . . .     SeeInvis .   e - +0 dagger
rCold    + . .     Gourm    .   (no shield)
rNeg     + + +     Faith    .   g - +0 ring mail
rPois    ∞         Spirit   .   b - +0 helmet
rElec    .         Reflect  .   (no cloak)
rCorr    .         Harm     .   (no gloves)
MR       .....                  (no boots)
Stlth    ..........             (no amulet)
HPRegen  0.00/turn              (no ring)
MPRegen  0.08/turn              (no ring)

@: rotting
A: rotting body, claws 1, carnivore, cold resistance 1, negative energy
resistance 3, inhibited regeneration, torment resistance, unbreathing
a: no special abilities


You were on level 4 of the Dungeon.
You were hungry.

You visited 1 branch of the dungeon, and saw 4 of its levels.

You collected 17 gold pieces.

Inventory:

Hand Weapons
 e - a +0 dagger (weapon)
 f - a +0 club
Missiles
 c - 3 throwing nets (quivered)
 m - 17 stones
Armour
 a - a +0 leather armour
 b - a +0 helmet (worn)
 g - a +0 ring mail (worn)
Scrolls
 i - a scroll of remove curse
 n - a scroll of identify {unknown}
Potions
 h - a potion of haste {unknown}
 j - a potion of heal wounds
 k - a potion of ambrosia {unknown}
 l - 2 potions of lignification
Comestibles
 d - 2 rations


   Skills:
 + Level 2.9 Fighting
 + Level 0.9 Short Blades
 + Level 2.1 Throwing
 + Level 1.2 Armour
 + Level 3.2 Dodging
 + Level 3.5 Unarmed Combat


You had 3 spell levels left.
You didn't know any spells.
Your spell library was empty.

Dungeon Overview and Level Annotations

Branches:
Dungeon (4/15)
 Temple: D:4-7

Altars:


Innate Abilities, Weirdness & Mutations

Your body is rotting away.
You thrive on raw meat.
You are immune to poison.
You have sharp fingernails.
You are carnivorous and can eat meat at any time.
Your flesh is cold resistant. (rC+)
You are immune to negative energy. (rN+++)
You do not regenerate when monsters are visible.
You are immune to unholy pain and torment.
You can survive without breathing.


Message History

You hit the worker ant.
The worker ant is severely wounded.
The worker ant bites you but does no damage.
You closely miss the worker ant.
The worker ant is severely wounded.
The worker ant closely misses you.
Your ring mail prevents you from hitting the worker ant.
The worker ant is severely wounded.
The worker ant bites you. x2
You hit the worker ant.
The worker ant is severely wounded.
The worker ant bites you.
* * * LOW HITPOINT WARNING * * *
You hit the worker ant.
The worker ant is severely wounded.
The worker ant barely misses you.
Your ring mail prevents you from hitting the worker ant.
The worker ant is severely wounded.
The worker ant bites you.
You die...

.... ... .......
...#.# ..#)# .#.##
#... ## #..# #.# #..#
#.# ...###@.# ##.#
#.....a..#######.####
....................#
.
##...##.########.##.#
.# ##.# #.# ##.#.#.#
#. #.# #...# # #..
##.## ### #.# #.#


You could see a worker ant.

Vanquished Creatures
  3 adders
  A dart slug (D:1)
  2 leopard geckos (D:1)
  5 bats
  4 giant cockroaches
  5 goblins
  4 hobgoblins
  4 jackals (D:1)
  A kobold (D:2)
  A frilled lizard (D:1)
  3 rats
33 creatures vanquished.

Notes
Turn   | Place    | Note
-------+----------+-------------------------------------------
     0 | D:1      | drclock the Ghoul Gladiator began the quest for the Orb.
     0 | D:1      | Reached XP level 1. HP: 17/17 MP: 0/0
   407 | D:1      | Reached XP level 2. HP: 23/25 MP: 1/1
   739 | D:1      | Reached XP level 3. HP: 29/29 MP: 2/2
  1331 | D:3      | Reached skill level 1 in Armour
  1331 | D:3      | Reached XP level 4. HP: 37/37 MP: 3/3
  1507 | D:4      | Slain by a worker ant

Levels and vault maps discovered:
D:1:      eino_arrival_cavern_c, layout_basic
D:2:      layout_basic, serial_bayou_lake_a
D:3:      layout_loops_ring, grunt_dithmenos_smoke, serial_glass,
          glass_columns_c, glass_columns_a, glass_columns_b, glass_columns_b,
          first_ration, grunt_ministairs_15
D:4:      layout_loops_ring, st_stairs_10, uniq_grinder, uniq_sigmund

Skill      XL: |  1  2  3 |
---------------+----------+-----
Throwing       | 2 |  2.1
Dodging        | 3 |  3.2
Armour         | 1 |  1.2
Fighting       | |  2.9
Short Blades   | |  0.9
Unarmed Combat | |  3.5

Action                   |  1- 3 |  4- 6 || total
-------------------------+-------+-------++-------
Melee: Dagger            |   201 |    55 ||   256
       Punch             |     1 |     1 ||     2
Throw: Throwing net      |     1 |       ||     1
  Use: Potion            |     3 |       ||     3
       Scroll            |     2 |       ||     2
  Eat: Ration            |     1 |       ||     1
Armor: Leather armour    |    20 |       ||    20
       Ring mail         |    72 |    17 ||    89
Dodge: Dodged            |   142 |    29 ||   171
